[Event "ICC tourney 2128 (3 2)"]
[Site "Internet Chess Club"]
[Date "2020.11.13"]
[Round "7"]
[White "Adityaki05"]
[Black "PearsonH"]
[Result "1-0"]
[ICCResult "Black forfeits on time"]
[WhiteElo "1350"]
[BlackElo "1406"]
[Opening "Benko's opening"]
[ECO "A00"]
[NIC "VO.09"]
[Time "21:31:20"]
[TimeControl "180+2"]

1. g3 d5 2. Bg2 e5 3. e3 Nf6 4. Ne2 c5 5. d4 Nc6 6. O-O cxd4 7. exd4 e4 8.
c4 dxc4 9. Nbc3 Bf5 10. Bg5 Be7 11. Bxf6 Bxf6 12. Nxe4 Bxe4 13. Bxe4 O-O 14.
d5 Ne7 15. Nc3 Bxc3 16. bxc3 Qd6 17. Rb1 b6 18. Qd4 Rac8 19. Rb4 Rfd8 20.
Rxc4 Rxc4 21. Qxc4 Rc8 22. Qa6 Rxc3 23. Qxa7 Rc8 24. Qb7 Rb8 25. Qa7 Rc8 26.
Qa6 f5 27. Bxf5 {Black forfeits on time} 1-0

[Event "ICC tourney 2128 (3 2)"]
[Site "Internet Chess Club"]
[Date "2020.11.13"]
[Round "7"]
[White "ChessStar22"]
[Black "ritterfork"]
[Result "0-1"]
[ICCResult "White forfeits on time"]
[WhiteElo "1289"]
[BlackElo "1386"]
[Opening "Benoni defense"]
[ECO "A56"]
[NIC "KI.77"]
[Time "21:31:20"]
[TimeControl "180+2"]

1. d4 Nf6 2. c4 c5 3. e3 g6 4. Nf3 Bg7 5. Nc3 O-O 6. d5 a6 7. e4 d6 8. Be2
b5 9. cxb5 Nbd7 10. bxa6 Bxa6 11. Bxa6 Rxa6 12. O-O Qa8 13. Re1 Ng4 14. a3
Rb8 15. h3 Nge5 16. Nxe5 Nxe5 17. Qc2 Nc4 18. Qd3 Nxb2 19. Bxb2 Rxb2 20. Nb5
Rb6 21. a4 R2xb5 22. axb5 Bxa1 23. Rb1 Bd4 24. Kf1 Qa2 25. Kg1 Qxf2+ 26. Kh1
Qe3 27. Qc4 Qxe4 28. Rf1 Qe3 29. Qa4 Kg7 30. Rd1 Qe5 {White forfeits on
time} 0-1

[Event "ICC tourney 2128 (3 2)"]
[Site "Internet Chess Club"]
[Date "2020.11.13"]
[Round "7"]
[White "pari538"]
[Black "jpbaligad"]
[Result "1-0"]
[ICCResult "Black checkmated"]
[WhiteElo "1218"]
[BlackElo "1268"]
[Opening "Sicilian: Najdorf"]
[ECO "B90"]
[NIC "SI.14"]
[Time "21:31:20"]
[TimeControl "180+2"]

1. e4 c5 2. Nf3 d6 3. d4 cxd4 4. Nxd4 Nf6 5. Nc3 a6 6. f3 e5 7. Nb3 Be6 8.
Be3 Nbd7 9. Qd2 b5 10. g4 Qc7 11. h4 Be7 12. h5 Nb6 13. g5 Nfd7 14. Bd3 Nc4
15. Bxc4 bxc4 16. Nc1 Rb8 17. Rb1 Nb6 18. f4 exf4 19. Bxf4 O-O 20. g6 fxg6
21. hxg6 Rxf4 22. Qxf4 Rf8 23. Qh2 h6 24. N1e2 Bg5 25. Rf1 Re8 26. Nf4 d5
27. Nce2 d4 28. Qf2 d3 29. Nxe6 Qe7 30. Qf7+ Kh8 31. Qxe8+ Qxe8 32. Rf8+
Qxf8 33. Nxf8 dxe2 34. Kxe2 Nd7 35. Nxd7 Kg8 36. e5 Be7 37. e6 h5 38. Rh1 h4
39. Rf1 a5 40. Rf7 Bf6 41. Rxf6 gxf6 42. e7 Kg7 43. e8=Q f5 44. Qf7+ Kh6 45.
Qh7+ Kg5 46. g7 h3 47. g8=Q+ Kf4 48. Qxh3 c3 49. Qf3# {Black checkmated} 1-0

[Event "ICC tourney 2128 (3 2)"]
[Site "Internet Chess Club"]
[Date "2020.11.13"]
[Round "7"]
[White "lucachesschess"]
[Black "smashattack"]
[Result "0-1"]
[ICCResult "White checkmated"]
[WhiteElo "1444"]
[BlackElo "1485"]
[Opening "QGD: Grau (Sahovic) defense"]
[ECO "D06"]
[NIC "QP.08"]
[Time "21:31:19"]
[TimeControl "180+2"]

1. d4 d5 2. c4 Bf5 3. Nc3 e6 4. cxd5 exd5 5. Qb3 Nc6 6. e3 Nf6 7. Qxb7 Nb4
8. Bb5+ Bd7 9. Bxd7+ Nxd7 10. Kd2 Nb6 11. b3 Be7 12. Ba3 O-O 13. Bxb4 Bxb4
14. a3 Bxc3+ 15. Kxc3 c5 16. Ne2 c4 17. bxc4 Nxc4 18. Nf4 Qa5+ 19. Qb4 Qd8
20. Qb5 Rc8 21. Kd3 Nb6 22. Rhc1 Qf6 23. Nxd5 Nxd5 24. Qxd5 Qg6+ 25. Qe4
Qa6+ 26. Kd2 Rb8 27. Rc2 g6 28. Qd3 Qd6 29. Rac1 Qxh2 30. Qe4 Qd6 31. Rh1
Qxa3 32. Qh4 h5 33. g4 Rb2 34. gxh5 Rxc2+ 35. Kxc2 Rc8+ 36. Kd1 Qd3+ 37. Ke1
Rc1# {White checkmated} 0-1

[Event "ICC tourney 2128 (3 2)"]
[Site "Internet Chess Club"]
[Date "2020.11.13"]
[Round "7"]
[White "A4-H5"]
[Black "VincentT2008"]
[Result "0-1"]
[ICCResult "White checkmated"]
[WhiteElo "1846"]
[BlackElo "1334"]
[Opening "Pirc: Byrne variation"]
[ECO "B07"]
[NIC "PU.09"]
[Time "21:31:36"]
[TimeControl "180+2"]

1. d4 Nf6 2. Nc3 g6 3. e4 d6 4. Bg5 Bg7 5. h4 h6 6. Bf4 O-O 7. Qd2 Kh7 8. f3
c5 9. d5 Nh5 10. Bh2 f5 11. O-O-O f4 12. Nge2 Be5 13. Bg1 a6 14. Bf2 b5 15.
Re1 b4 16. Nd1 Nd7 17. Kb1 Nb6 18. Nc1 a5 19. b3 a4 20. Nd3 Bg7 21. Rg1 axb3
22. cxb3 Ba6 23. N3b2 Bxf1 24. Rexf1 Qc8 25. g4 fxg3 26. Bxg3 Nxg3 27. Rxg3
Qa6 28. Rfg1 Qxa2+ 29. Kc2 Rf6 30. h5 g5 31. R1g2 c4 32. bxc4 b3+ 33. Kd3
Rc8 34. Ne3 Rf4 35. Rg1 Qxb2 36. Qxb2 Bxb2 37. Rb1 Na4 38. Nd1 Bf6 39. Rxb3
Nc5+ 40. Kc2 Nxb3 41. Kxb3 Rh4 42. Ne3 Rxh5 43. Ng4 Rb8+ 44. Kc2 Rb2+ 45.
Kd3 Rh1 46. e5 dxe5 47. Ke4 Kg6 48. Nxe5+ Bxe5 49. Kxe5 Re1+ 50. Kd4 h5 51.
f4 g4 52. Rd3 Rbe2 53. c5 Re4+ 54. Kc3 Rxf4 55. c6 Rc1+ 56. Kd2 Rcc4 57. Rc3
Rxc3 58. Kxc3 Rf1 59. Kd4 Rc1 60. Ke5 g3 61. Ke6 g2 62. Kxe7 g1=Q 63. Kd7
Qa7+ 64. Kd6 Qc5+ 65. Kd7 Qxd5+ 66. Ke8 Qxc6+ 67. Kd8 Qb7 68. Ke8 Rc8#
{White checkmated}
0-1

[Event "ICC tourney 2128 (3 2)"]
[Site "Internet Chess Club"]
[Date "2020.11.13"]
[Round "7"]
[White "bopala"]
[Black "Tombstone"]
[Result "0-1"]
[ICCResult "White forfeits on time"]
[WhiteElo "1424"]
[BlackElo "1711"]
[Opening "Queen's pawn, Mason variation"]
[ECO "D00"]
[NIC "QP.08"]
[Time "21:31:46"]
[TimeControl "180+2"]

1. d4 d5 2. Bf4 Nf6 3. e3 Bf5 4. c4 c6 5. Nc3 e6 6. Nf3 Bd6 7. Ne5 O-O 8.
Be2 Bc7 9. O-O Nbd7 10. Nxd7 Qxd7 11. Bxc7 Qxc7 12. h3 h6 13. Bd3 dxc4 14.
Bxc4 e5 15. Bd3 Bxd3 16. Qxd3 Rad8 17. Rad1 exd4 18. exd4 Qb6 19. Qd2 Rd7
20. Na4 Qb5 21. Nc5 Rd5 22. a4 Qb6 23. Qc3 Rfd8 24. b4 Qc7 25. Rfe1 b6 26.
Nb3 Ne8 27. Rc1 R5d6 28. b5 c5 29. dxc5 bxc5 30. Qxc5 Qd7 31. Qc3 Nf6 32.
Qc2 Nd5 33. Na5 Nb4 34. Qc7 Nd3 35. Qxd7 R6xd7 36. Nc6 Nxe1 37. Nxd8 Nxg2
38. Nxf7 Nf4 39. Ne5 Rd5 40. Nc6 Ne2+ 41. Kf1 Nxc1 42. Ne7+ Kf7 43. Nxd5 Nd3
44. Ke2 Nc5 45. Nb4 Nxa4 46. Nc6 Nc3+ 47. Kd3 Nxb5 48. Kc4 Nd6+ 49. Kd5 Nb5
50. Kc5 Nc3 51. Nxa7 Ne4+ 52. Kd4 Nxf2 53. h4 Kg6 54. Ke3 Ng4+ 55. Kf4 Kh5
56. Kg3 Ne3 {White forfeits on time} 0-1

[Event "ICC tourney 2128 (3 2)"]
[Site "Internet Chess Club"]
[Date "2020.11.13"]
[Round "8"]
[White "ritterfork"]
[Black "PearsonH"]
[Result "1-0"]
[ICCResult "Black resigns"]
[WhiteElo "1428"]
[BlackElo "1399"]
[Opening "French: King's Indian attack"]
[ECO "C00"]
[NIC "FR.02"]
[Time "21:42:43"]
[TimeControl "180+2"]

1. e4 e6 2. d3 d5 3. Qe2 dxe4 4. dxe4 c5 5. Nf3 Nc6 6. c3 Nf6 7. Nbd2 Be7 8.
g3 O-O 9. Bg2 b6 10. O-O Bb7 11. Rd1 Qc7 12. a4 Nd7 13. Nc4 Rfd8 14. Bf4 e5
15. Bc1 Nf6 16. Nfd2 Rd7 17. Ne3 Rad8 18. Nd5 Qb8 19. Nc4 Bf8 20. Nxf6+ gxf6
21. Qg4+ {Black resigns} 1-0

[Event "ICC tourney 2128 (3 2)"]
[Site "Internet Chess Club"]
[Date "2020.11.13"]
[Round "8"]
[White "stephenwilly"]
[Black "bopala"]
[Result "1-0"]
[ICCResult "Black resigns"]
[WhiteElo "1501"]
[BlackElo "1391"]
[Opening "Caro-Kann: anti-anti-Caro-Kann defense"]
[ECO "B10"]
[NIC "CK.01"]
[Time "21:43:31"]
[TimeControl "180+2"]

1. e4 c6 2. c4 d5 3. cxd5 cxd5 4. exd5 Qxd5 5. Nc3 Qa5 6. d4 Nf6 7. Bc4 Bg4
8. Qb3 Nc6 9. Bxf7+ Kd8 10. Qxb7 Rc8 11. Nf3 Bxf3 12. gxf3 Nxd4 13. Be3 Nc2+
14. Ke2 Rc7 15. Rad1+ Nd7 16. Rxd7+ Kxd7 17. Rd1+ Nd4+ 18. Rxd4+ {Black
resigns} 1-0

[Event "ICC tourney 2128 (3 2)"]
[Site "Internet Chess Club"]
[Date "2020.11.13"]
[Round "8"]
[White "jpbaligad"]
[Black "Kinawa"]
[Result "1-0"]
[ICCResult "Black forfeits on time"]
[WhiteElo "1323"]
[BlackElo "1405"]
[Opening "Caro-Kann: Hillbilly attack"]
[ECO "B10"]
[NIC "CK.01"]
[Time "21:42:41"]
[TimeControl "180+2"]

1. e4 c6 2. Bc4 d5 3. Bb3 dxe4 4. Qh5 e6 5. Nc3 Nf6 6. Qh4 Be7 7. f3 Nd5 8.
Qg3 Bf6 9. h4 Nxc3 10. dxc3 Nd7 11. fxe4 Nc5 12. Be3 Nxb3 13. axb3 g6 14.
Rd1 Qe7 15. Nf3 O-O 16. e5 Bg7 17. h5 b6 18. Ng5 h6 19. hxg6 fxg6 20. Qh3 h5
21. g4 Bxe5 22. gxh5 gxh5 23. Qxh5 Qg7 24. Rg1 {Black forfeits on time} 1-0

[Event "ICC tourney 2128 (3 2)"]
[Site "Internet Chess Club"]
[Date "2020.11.13"]
[Round "8"]
[White "yogokings12"]
[Black "VincentT2008"]
[Result "1-0"]
[ICCResult "Black resigns"]
[WhiteElo "1559"]
[BlackElo "1327"]
[Opening "KGD: Falkbeer, 5.de"]
[ECO "C32"]
[NIC "KG.04"]
[Time "21:42:52"]
[TimeControl "180+2"]

1. e4 e5 2. f4 d5 3. exd5 e4 4. d3 Nf6 5. dxe4 Nxe4 6. Nf3 Bb4+ 7. c3 Bc5 8.
Qe2 Qe7 9. Be3 Bxe3 10. Qxe3 O-O 11. Bd3 Re8 12. O-O Bf5 13. Re1 Nd7 14.
Nbd2 Ndc5 15. Bxe4 Bxe4 16. Nxe4 Qxe4 17. Qxc5 Qxf4 18. Qf2 Red8 19. Qe3 Qg4
20. Rad1 h5 21. Qe7 Rd7 22. Qe4 Rad8 23. Qxg4 hxg4 24. Ne5 Rxd5 25. Rxd5
Rxd5 26. Nxg4 Kf8 27. Kf2 Rd2+ 28. Re2 Rd1 29. Ne3 Ra1 30. a3 Rh1 31. h3 Rb1
32. Nd5 c6 33. Nc7 g6 34. Ne8 Rd1 35. Nf6 Kg7 36. Ne4 f5 37. Nc5 b6 38. Nb3
a5 39. Nd4 c5 40. Nb5 Kf6 41. Ke3 Rd5 42. c4 Rd1 43. Rd2 Re1+ 44. Kf2 Rc1
45. Nc3 Ke5 46. Ke3 Re1+ 47. Re2 Rb1 48. Kf3+ Kd4 49. Kf4 Rf1+ 50. Kg5 Kd3
51. Kxg6 Kxc4 52. h4 f4 53. h5 b5 54. h6 b4 55. axb4 cxb4 56. h7 bxc3 57.
bxc3 Rh1 58. Kg7 Kxc3 59. h8=Q Rxh8 60. Kxh8 a4 61. Rf2 a3 62. Rxf4 a2 63.
Ra4 Kb2 64. g4 Kb3 65. Rxa2 Kxa2 66. g5 Kb3 67. g6 Kc4 68. g7 {Black
resigns} 1-0

[Event "ICC tourney 2128 (3 2)"]
[Site "Internet Chess Club"]
[Date "2020.11.13"]
[Round "8"]
[White "Mozart1"]
[Black "moneymo"]
[Result "0-1"]
[ICCResult "White resigns"]
[WhiteElo "1666"]
[BlackElo "1658"]
[Opening "Sicilian: Labourdonnais-Löwenthal (Kalashnikov) variation"]
[ECO "B32"]
[NIC "SI.32"]
[Time "21:42:43"]
[TimeControl "180+2"]

1. e4 c5 2. Nf3 Nc6 3. d4 cxd4 4. Nxd4 e5 5. Nb5 d6 6. N1c3 a6 7. Na3 Nf6 8.
Bg5 Be7 9. Bxf6 Bxf6 10. Nd5 Bg5 11. c3 O-O 12. Nc2 f5 13. Bc4 Kh8 14. Qe2
f4 15. f3 Bh4+ 16. Kd2 b5 17. Bd3 Be6 18. Rad1 Ne7 19. c4 Qa5+ 20. Nc3 b4
21. Nd5 b3+ 22. Ncb4 Nc6 23. a3 Bxd5 24. exd5 Nxb4 25. axb4 Qxb4+ 26. Kc1 a5
27. Qe4 g6 28. g3 Bg5 29. h4 Bd8 30. h5 Ra7 31. hxg6 Rg7 32. Rh6 Bg5 33.
Rxh7+ Rxh7 34. gxh7 fxg3+ 35. Kb1 Qa4 36. Rd2 Bxd2 {White resigns} 0-1

[Event "ICC tourney 2128 (3 2)"]
[Site "Internet Chess Club"]
[Date "2020.11.13"]
[Round "8"]
[White "pari538"]
[Black "ChessStar22"]
[Result "0-1"]
[ICCResult "White checkmated"]
[WhiteElo "1196"]
[BlackElo "1311"]
[Opening "Caro-Kann: exchange variation"]
[ECO "B13"]
[NIC "CK.02"]
[Time "21:42:42"]
[TimeControl "180+2"]

1. e4 c6 2. d4 d5 3. exd5 cxd5 4. Bb5+ Nc6 5. Nf3 Nf6 6. Nc3 a6 7. Ba4 b5 8.
Bb3 Bg4 9. Be3 e6 10. O-O Bb4 11. h3 Bxc3 12. bxc3 Bf5 13. Bg5 h6 14. Bh4
O-O 15. Re1 Re8 16. Ne5 Rc8 17. Nxc6 Rxc6 18. Qf3 Be4 19. Qf4 g5 20. Qg3 Kh8
21. Bxg5 hxg5 22. Qxg5 Bg6 23. Qh6+ Nh7 24. Re5 Qf6 25. Rae1 Rxc3 26. a4
Bxc2 27. Qxf6+ Nxf6 28. Bxc2 Rxc2 29. Rg5 Rg8 30. Rxg8+ Kxg8 31. axb5 axb5
32. f3 b4 33. Rb1 Rc4 34. Rb3 Rxd4 35. Kf2 Nd7 36. Ke2 Nc5 37. Rb2 b3 38.
Ke3 Rc4 39. Kd2 Ra4 40. Kc3 Ra2 41. g3 Rxb2 42. Kxb2 Kg7 43. Kc3 d4+ 44. Kb2
d3 45. Kc3 Kf6 46. h4 Kg6 47. g4 f5 48. gxf5+ exf5 49. f4 Kh5 50. Kd2 b2 51.
Kc3 b1=Q 52. Kd4 d2 53. Ke5 d1=Q 54. Kf6 Qd6+ 55. Kg7 Qb7+ 56. Kh8 Qd8#
{White checkmated}
0-1

[Event "ICC tourney 2128 (3 2)"]
[Site "Internet Chess Club"]
[Date "2020.11.13"]
[Round "8"]
[White "Jeffchess"]
[Black "chessfidebullet"]
[Result "0-1"]
[ICCResult "White resigns"]
[WhiteElo "1340"]
[BlackElo "1183"]
[Opening "Philidor's defense"]
[ECO "C41"]
[NIC "KP.10"]
[Time "21:42:42"]
[TimeControl "180+2"]

1. e4 e5 2. Nf3 d6 3. Nc3 Bg4 4. Bc4 c6 5. h3 Bh5 6. g4 Bg6 7. d4 Nd7 8.
dxe5 dxe5 9. Bg5 Ngf6 10. Bxf6 gxf6 11. g5 fxg5 12. Rg1 h6 13. h4 gxh4 14.
Qd2 Nf6 15. Qxd8+ Rxd8 16. Nxe5 Bb4 17. Nxg6 fxg6 18. Rxg6 b5 19. Bb3 a5 20.
a3 Be7 21. e5 Nd7 22. e6 Ne5 23. Rg1 Nf3+ 24. Ke2 Nxg1+ 25. Rxg1 Bf6 26. Ne4
Bg5 27. Nxg5 hxg5 28. Rxg5 Ke7 29. Rg7+ Kf6 30. Rf7+ Kg6 31. f4 h3 32. f5+
Kg5 33. e7 Rde8 34. Rg7+ Kxf5 35. Rf7+ Kg6 36. Rf1 Rxe7+ 37. Kf3 Rf8+ 38.
Kg3 Rxf1 39. Kxh3 Rf3+ 40. Kg4 Rxb3 41. cxb3 Re3 42. b4 axb4 43. axb4 Rb3
44. Kf4 Rxb4+ 45. Ke5 Rxb2 46. Kd4 c5+ 47. Kxc5 b4 48. Kc4 Kf5 49. Kd3 Kf4
50. Kc4 Ke3 51. Kb5 Kd3 52. Ka4 Kc3 53. Kb5 b3 54. Ka4 Ra2+ 55. Kb5 b2 56.
Kc5 b1=Q 57. Kd5 Qd1+ {White resigns} 0-1

[Event "ICC tourney 2128 (3 2)"]
[Site "Internet Chess Club"]
[Date "2020.11.13"]
[Round "8"]
[White "Tombstone"]
[Black "SBomm18"]
[Result "1-0"]
[ICCResult "Black forfeits on time"]
[WhiteElo "1730"]
[BlackElo "1765"]
[Opening "QGD Slav: 3.Nf3"]
[ECO "D11"]
[NIC "SL.01"]
[Time "21:42:53"]
[TimeControl "180+2"]

1. d4 d5 2. c4 c6 3. Nf3 Nf6 4. g3 e6 5. Nbd2 Be7 6. Bg2 O-O 7. O-O h6 8.
Qc2 Nbd7 9. e4 dxe4 10. Nxe4 Nxe4 11. Qxe4 Nf6 12. Qc2 Qa5 13. Bf4 Rd8 14.
Rfd1 Nh5 15. Bd2 Qb6 16. Be3 Qa5 17. a3 Nf6 18. b4 Qc7 19. Bf4 Qd7 20. Ne5
Qe8 21. Rd2 Nh5 22. Be3 f5 23. f4 Nf6 24. Rad1 Nd7 25. Nf3 Qh5 26. d5 cxd5
27. cxd5 Nf6 28. dxe6 Rxd2 29. Rxd2 Bxe6 30. Qc7 Re8 31. Qxb7 Ng4 32. Bf2
Nxf2 33. Rxf2 Bf6 34. Re2 Kh7 35. Qa6 Bd5 36. Rxe8 Qxe8 37. Qxa7 Qe2 38. Qf2
Qd1+ 39. Qf1 Qb3 40. Nd2 {Black forfeits on time} 1-0

[Event "ICC tourney 2128 (3 2)"]
[Site "Internet Chess Club"]
[Date "2020.11.13"]
[Round "8"]
[White "lucachesschess"]
[Black "A4-H5"]
[Result "0-1"]
[ICCResult "White checkmated"]
[WhiteElo "1441"]
[BlackElo "1849"]
[Opening "King's Indian: orthodox, Aronin-Taimanov variation (Yugoslav attack / Mar del Plata variation)"]
[ECO "E97"]
[NIC "KI.08"]
[Time "21:42:46"]
[TimeControl "180+2"]

1. d4 Nf6 2. c4 g6 3. Nc3 Bg7 4. e4 d6 5. Nf3 O-O 6. Be2 e5 7. O-O Nc6 8.
Be3 Ng4 9. Bg5 f6 10. Bc1 f5 11. dxe5 Ncxe5 12. exf5 Bxf5 13. Nxe5 Nxe5 14.
Bf4 c6 15. c5 dxc5 16. Qb3+ Kh8 17. Qxb7 Rb8 18. Qxa7 Rxb2 19. Qxc5 Nd7 20.
Qxc6 Rc2 21. Rfc1 Bxc3 22. Rxc2 Bxa1 23. Rc1 Bg7 24. Bc7 Qf6 25. Qb7 Be6 26.
Bf3 Ne5 27. Bxe5 Qxe5 28. Qb1 Bf5 29. Qb3 Re8 30. h3 Qf6 31. Bc6 Rf8 32. Qf3
Be6 33. Qxf6 Bxf6 34. Re1 Bxa2 35. Re2 Bc4 36. Rc2 Bg8 37. Rd2 Rc8 38. Bd7
Rc1+ 39. Kh2 Be5+ 40. g3 Rc5 41. f4 Bc3 42. Rc2 Bb3 43. Rc1 Kg7 44. Bg4 h5
45. Bf3 Bd4 46. Rxc5 Bxc5 47. Kg2 Bd6 48. Kf2 Be6 49. h4 Kf6 50. Ke3 Bf5 51.
Kf2 Bc5+ 52. Kg2 Bg4 53. Be4 Be3 54. Kh2 Bf5 55. Bf3 Ke6 56. Kg2 Kd6 57. Kf1
Kc5 58. Ke2 Kd4 59. Bg2 Bg4+ 60. Ke1 Kd3 61. Bf1+ Ke4 62. Bg2+ Bf3 63. Bh3
Bd4 64. Kd2 Bc5 65. Be6 Bb4+ 66. Kc2 Bg4 67. Bc4 Kf3 68. Kb3 Bc5 69. Ka4
Kxg3 70. Kb5 Be7 71. Kc6 Kxf4 72. Kc7 Bxh4 73. Kc6 Bf5 74. Kc5 Bf2+ 75. Kb4
h4 76. Kc3 h3 77. Kb3 h2 78. Kb2 h1=Q 79. Ka3 Qa1+ 80. Kb3 Qb1+ 81. Ka3 Bc5+
82. Ka4 Qb4# {White checkmated} 0-1

[Event "ICC tourney 2128 (3 2)"]
[Site "Internet Chess Club"]
[Date "2020.11.13"]
[Round "8"]
[White "Adityaki05"]
[Black "ranu540"]
[Result "1-0"]
[ICCResult "Black checkmated"]
[WhiteElo "1366"]
[BlackElo "1185"]
[Opening "Benko's opening"]
[ECO "A00"]
[NIC "VO.09"]
[Time "21:43:00"]
[TimeControl "180+2"]

1. g3 g6 2. Bg2 Bg7 3. e3 Nf6 4. Ne2 O-O 5. d4 Nc6 6. c4 e5 7. O-O d6 8.
Nbc3 Re8 9. d5 Ne7 10. e4 c5 11. a3 b6 12. b4 Nh5 13. Bb2 f5 14. f3 Rf8 15.
Qd3 f4 16. g4 Nf6 17. bxc5 bxc5 18. Nb5 a6 19. Nbc3 Rb8 20. Rab1 h5 21. h3
hxg4 22. hxg4 g5 23. Ba1 Bd7 24. Rb2 Rxb2 25. Bxb2 Qc7 26. Rb1 Kf7 27. Bc1
Rh8 28. Qc2 Ng6 29. Kf2 Rh2 30. Bd2 Nh4 31. Rg1 Nxg2 32. Rxg2 Rxg2+ 33. Kxg2
Ng8 34. Qa2 Ne7 35. a4 Ng6 36. Be1 Qd8 37. a5 Qc7 38. Na4 Bxa4 39. Qxa4 Nh4+
40. Bxh4 gxh4 41. Kh3 Qe7 42. Qc6 Bf6 43. Qxa6 Qc7 44. Qc6 Qxc6 45. dxc6 Ke7
46. a6 Kf7 47. a7 Be7 48. a8=Q Bf6 49. Qb7+ Ke6 50. c7 Kd7 51. c8=Q#
{Black checkmated}
1-0

[Event "ICC tourney 2128 (3 2)"]
[Site "Internet Chess Club"]
[Date "2020.11.13"]
[Round "8"]
[White "ROWLAND"]
[Black "smashattack"]
[Result "0-1"]
[ICCResult "White checkmated"]
[WhiteElo "1442"]
[BlackElo "1500"]
[Opening "Sicilian defense"]
[ECO "B41"]
[NIC "SI.43"]
[Time "21:42:55"]
[TimeControl "180+2"]

1. e4 c5 2. Nf3 e6 3. d4 cxd4 4. Qxd4 Nc6 5. Qd2 Nf6 6. Nc3 Bb4 7. Bd3 d5 8.
e5 Nd7 9. Qf4 h6 10. O-O O-O 11. Bd2 Qc7 12. Rae1 Bxc3 13. Bxc3 Ne7 14. h4
f5 15. Qg3 Nc5 16. Bd2 Kh8 17. h5 Ne4 18. Bxe4 fxe4 19. Nh4 b6 20. Ng6+ Nxg6
21. Qxg6 Ba6 22. f3 Bxf1 23. Rxf1 exf3 24. Rxf3 Rxf3 25. gxf3 Qxe5 26. Bc3
Qg5+ 27. Kf2 Qxg6 28. hxg6 Rf8 29. Kg3 Rf5 30. f4 Rf8 31. Be5 Rc8 32. c3 Kg8
33. Kg4 Rc6 34. a3 a5 35. Kh5 a4 36. Kg4 b5 37. Kh5 Rc4 38. Kg4 Re4 39. Kf3
h5 40. Bd4 h4 41. Kg4 Re2 42. Kxh4 Rxb2 43. c4 Rb1 44. c5 b4 45. axb4 Rxb4
46. Be5 a3 47. c6 a2 48. c7 Rc4 49. Kg4 Rxc7 50. Bxc7 a1=Q 51. Be5 Qg1+ 52.
Kh5 d4 53. Bxd4 Qxd4 54. Kg5 Qf6+ 55. Kg4 Qxg6+ 56. Kf3 Qf5 57. Ke3 e5 58.
fxe5 g5 59. Kd4 g4 60. Kd5 Qd7+ 61. Ke4 g3 62. Kf3 Qh3 63. e6 g2+ 64. Kf2
Qh2 65. e7 g1=Q+ 66. Kf3 Qf1+ 67. Ke4 Qhe2+ 68. Kd5 Qfd1+ 69. Kc6 Qc4+ 70.
Kb7 Qb1+ 71. Ka8 Qca2# {White checkmated} 0-1

[Event "ICC tourney 2128 (3 2)"]
[Site "Internet Chess Club"]
[Date "2020.11.13"]
[Round "9"]
[White "ChessStar22"]
[Black "Jeffchess"]
[Result "0-1"]
[ICCResult "White checkmated"]
[WhiteElo "1277"]
[BlackElo "1347"]
[Opening "QGD: semi-Slav"]
[ECO "A40"]
[NIC "SL.06"]
[Time "21:54:23"]
[TimeControl "180+2"]

1. d4 c6 2. c4 e6 3. Nc3 d5 4. e3 dxc4 5. Bxc4 b5 6. Bd3 a5 7. a3 Ba6 8. Nf3
b4 9. Bxa6 Nxa6 10. axb4 Bxb4 11. Bd2 Nc7 12. O-O Bxc3 13. bxc3 Nd5 14. c4
Nde7 15. Bc3 Nf6 16. Re1 O-O 17. Qc2 h6 18. Ra4 Qc7 19. Rea1 Rfb8 20. Bxa5
Qb7 21. Rb4 Qxb4 22. Bxb4 Rxa1+ 23. Be1 Rbb1 24. Kf1 Nf5 25. g4 Nxg4 26. h3
Nh2+ 27. Nxh2 Rxe1+ 28. Kg2 Rg1+ 29. Kf3 Nh4+ 30. Ke4 Ng6 31. f4 f5+ 32. Kd3
Rad1+ 33. Ke2 Rde1+ 34. Kf2 Nh4 35. Qd3 Rd1 36. Qe2 Rg2# {White checkmated}
0-1

[Event "ICC tourney 2128 (3 2)"]
[Site "Internet Chess Club"]
[Date "2020.11.13"]
[Round "9"]
[White "chessfidebullet"]
[Black "yogokings12"]
[Result "0-1"]
[ICCResult "White checkmated"]
[WhiteElo "1180"]
[BlackElo "1562"]
[Opening "Sicilian"]
[ECO "B55"]
[NIC "SI.01"]
[Time "21:54:26"]
[TimeControl "180+2"]

1. e4 c5 2. Nf3 d6 3. d4 cxd4 4. Nxd4 Nf6 5. Nb3 Nxe4 6. Nc3 Nxc3 7. bxc3
Nc6 8. Bb5 Bd7 9. O-O g6 10. Qf3 Bg7 11. Bg5 O-O 12. Bxc6 Bxc6 13. Qh3 Qc7
14. Bxe7 Qxe7 15. Nd4 Bxd4 16. cxd4 Rfe8 17. c3 Bd7 18. Qh6 Qf8 19. Qd2 d5
20. f4 Bf5 21. h3 Qe7 22. g4 Bd7 23. Rae1 Qd6 24. Re5 Rxe5 25. fxe5 Qc6 26.
Qf4 Be6 27. h4 Rc8 28. h5 Qd7 29. h6 Qe7 30. Qg3 Qg5 31. Rf2 Qxh6 32. Rh2
Qc1+ 33. Kg2 Rxc3 34. Qh4 Rc2+ 35. Kg3 Qe3# {White checkmated} 0-1

[Event "ICC tourney 2128 (3 2)"]
[Site "Internet Chess Club"]
[Date "2020.11.13"]
[Round "9"]
[White "ranu540"]
[Black "jpbaligad"]
[Result "0-1"]
[ICCResult "White checkmated"]
[WhiteElo "1169"]
[BlackElo "1339"]
[Opening "Sicilian: Najdorf"]
[ECO "B90"]
[NIC "SI.14"]
[Time "21:54:32"]
[TimeControl "180+2"]

1. e4 c5 2. Nf3 d6 3. d4 cxd4 4. Nxd4 Nf6 5. Nc3 a6 6. Nf3 e6 7. e5 dxe5 8.
Nxe5 Qxd1+ 9. Kxd1 b5 10. Bg5 Bb7 11. Bxf6 gxf6 12. Ng4 Be7 13. f3 Nd7 14.
Bd3 f5 15. Ne3 Ne5 16. Be2 Rd8+ 17. Ke1 Bc5 18. Kf2 Rd2 19. Rad1 Rxc2 20.
Rb1 Nc4 21. Nd1 f4 22. g3 fxe3+ 23. Nxe3 Bxe3+ 24. Ke1 Ke7 25. Bxc4 bxc4 26.
b3 c3 27. Kd1 Rd2+ 28. Kc1 Bxf3 29. Re1 Re2+ 30. Kd1 Rd8# {White checkmated}
0-1

[Event "ICC tourney 2128 (3 2)"]
[Site "Internet Chess Club"]
[Date "2020.11.13"]
[Round "9"]
[White "VincentT2008"]
[Black "stephenwilly"]
[Result "0-1"]
[ICCResult "White checkmated"]
[WhiteElo "1318"]
[BlackElo "1510"]
[Opening "Old Benoni defense"]
[ECO "A43"]
[NIC "OI.09"]
[Time "21:54:35"]
[TimeControl "180+2"]

1. d4 c5 2. dxc5 e5 3. Nc3 Bxc5 4. Ne4 Bb6 5. Nd6+ Kf8 6. e4 Nf6 7. Bc4 Qe7
8. Nf5 Qb4+ 9. c3 Qc5 10. Be3 Qc6 11. Qd6+ Qxd6 12. Nxd6 Nc6 13. Bxb6 axb6
14. Nxf7 Rg8 15. Nd6 Rh8 16. Nf3 Ke7 17. Nf5+ Kf8 18. Nd2 Na5 19. Bb3 Nxe4
20. Bd5 Nxd2 21. Kxd2 d6 22. Ne3 Bd7 23. b4 Nc6 24. Nc4 b5 25. Nxd6 Ke7 26.
Nxb5 Rad8 27. c4 Nxb4 28. Kc3 Nxd5+ 29. cxd5 Bxb5 30. Rab1 Rxd5 31. a4 Rc8+
32. Kb4 Rc4+ 33. Kb3 Rd3+ 34. Kb2 Bxa4 35. Ra1 Rc2+ 36. Kb1 Rd4 37. Rxa4
Rxf2 38. Ra7 Rxg2 39. Rxb7+ Kf6 40. Rb6+ Kf5 41. h3 Rg6 42. Rf1+ Ke4 43. Rb2
Rf6 44. Re2+ Kd3 45. Rfe1 Rb6+ 46. Kc1 Rc4+ 47. Kd1 Rb1# {White checkmated}
0-1

[Event "ICC tourney 2128 (3 2)"]
[Site "Internet Chess Club"]
[Date "2020.11.13"]
[Round "9"]
[White "pari538"]
[Black "ROWLAND"]
[Result "0-1"]
[ICCResult "White checkmated"]
[WhiteElo "1182"]
[BlackElo "1445"]
[Opening "Philidor: exchange variation"]
[ECO "C41"]
[NIC "KP.08"]
[Time "21:54:27"]
[TimeControl "180+2"]

1. e4 e5 2. Nf3 d6 3. d4 exd4 4. Nxd4 Nf6 5. Nc3 Be7 6. Bg5 O-O 7. Bc4 Nxe4
8. Bxe7 Qxe7 9. Qe2 Re8 10. Nxe4 Qxe4 11. Bb3 Qxe2+ 12. Nxe2 Nc6 13. c3 Bf5
14. Bc4 Ne5 15. Bd5 c6 16. Bb3 Nd3+ 17. Kd2 Nxb2 18. Nd4 Bg6 19. Rhe1 d5 20.
Rxe8+ Rxe8 21. Re1 Nc4+ 22. Kd1 Nb2+ 23. Kd2 Rxe1 24. Kxe1 Nd3+ 25. Ke2 Nc5
26. Ke3 Nxb3 27. axb3 Kf8 28. b4 Ke7 29. Nf3 a6 30. Ne5 Kd6 31. Nxg6 hxg6
32. g4 b6 33. f4 a5 34. bxa5 bxa5 35. Kd3 Kc5 36. Kc2 Kc4 37. Kb2 c5 38. h4
d4 39. cxd4 cxd4 40. h5 gxh5 41. gxh5 f5 42. Kc2 a4 43. Kb2 d3 44. Kc1 a3
45. h6 gxh6 46. Kd1 a2 47. Ke1 a1=Q+ 48. Kf2 Qd1 49. Kg3 Qg4+ 50. Kf2 d2 51.
Ke3 d1=N+ 52. Kd2 Qxf4+ 53. Kc2 Qf2+ 54. Kc1 Ne3 55. Kb1 Nd5 56. Kc1 Nb4 57.
Kd1 h5 58. Kc1 Nd3+ 59. Kb1 Qb2# {White checkmated} 0-1